AoeStats
← ska_18

Arena

508465024Analyzed
3v3 RM · 9d ago on Sep 22, 2026· 51m 1s· 6 players
Game mode
Random Map
Map size
Normal (6 player)
Population
200
Speed
Normal
Resources
Standard
Victory
Conquest
Starting age
Dark Age
Ending age
Imperial Age
RankedLock teamsTeams togetherTeam positionsShared explorationLock speedFull tech treeHidden civsTurbo modeCheats
Victory
Defeat
🇺🇸 Lithuanians · United States
898
+16
🇦🇹 Saracens · Austria
894
+17
🇳🇬 Japanese · Nigeria
888
+17
🇩🇪 Franks · Germany
940
-18
🇩🇪 Bohemians · Germany
935
-18
🇲🇽 Celts · Mexico
841
-14
ska_18
10:40 Feudal Age
16:15 Castle Age
14:01 Loom
14:32 Double-Bit Axe
15:00 Horse Collar
18:13 Wheelbarrow
17:50 Bow Saw
19:16 Town Watch
20:58 Gold Mining
20:59 Stone Mining
22:06 Hand Cart
22:50 Heavy Plow
23:48 Fervor
24:00 Sanctity
25:51 Scale Barding Armor
27:52 Gold Shaft Mining
27:28 Forging
27:09 Fletching
27:41 Chain Barding Armor
29:20 Iron Casting
30:50 Bodkin Arrow
34:00 Imperial Age
31:47 Bimaristan
31:50 Fortified Wall
31:50 Masonry
31:36 Murder Holes
32:26 Coinage
32:42 Town Patrol
34:53 Ballistics
34:12 Elite Mameluke
35:27 Hoardings
35:12 Conscription
35:54 Chemistry
36:56 Blast Furnace
36:32 Plate Barding Armor
36:50 Bloodlines
36:41 Husbandry
36:02 Light Cavalry
36:56 Bracer
37:03 Siege Engineers
39:24 Two-Man Saw
42:13 Banking
41:43 Caravan
48:20 Hussar
48:21 Heavy Camel Rider
48:52 Guard Tower
48:48 Arrowslits
Mrithnaw
10:40 Feudal Age
11:09 Double-Bit Axe
11:13 Horse Collar
18:33 Castle Age
19:48 Loom
20:09 Heavy Plow
22:23 Wheelbarrow
21:45 Pikeman
23:38 Hand Cart
23:10 Town Watch
24:07 Squires
24:46 Forging
24:38 Town Patrol
24:54 Bow Saw
24:48 Gold Mining
27:50 Iron Casting
27:49 Scale Barding Armor
27:51 Stone Mining
28:48 Husbandry
29:00 Bloodlines
30:39 Stone Shaft Mining
35:45 Imperial Age
34:28 Chain Barding Armor
35:17 Scale Mail Armor
35:32 Treadmill Crane
37:22 Conscription
36:26 Cavalier
38:57 Plate Barding Armor
39:50 Tower Shields
42:55 Two-Man Saw
42:33 Crop Rotation
43:59 Thumb Ring
48:13 Chain Mail Armor
49:28 Chemistry
Fennec fox
5:56 Loom
13:47 Feudal Age
21:42 Castle Age
20:10 Horse Collar
20:20 Double-Bit Axe
20:33 Gold Mining
20:38 Stone Mining
21:47 Wheelbarrow
20:59 Town Watch
23:30 Herbal Medicine
26:35 Hand Cart
26:37 Bow Saw
26:45 Heavy Plow
31:57 Gold Shaft Mining
35:04 Imperial Age
34:13 Yasama
36:38 Kataparuto
36:38 Conscription
36:55 Hoardings
35:41 Elite Samurai
39:09 Chemistry
38:21 Fortified Wall
38:07 Murder Holes
38:18 Siege Engineers
38:24 Masonry
37:54 Treadmill Crane
38:02 Man-at-Arms
38:43 Squires
41:07 Long Swordsman
41:33 Gambesons
41:55 Fletching
42:16 Forging
42:07 Scale Mail Armor
41:56 Two-Handed Swordsman
42:48 Champion
44:34 Iron Casting
43:54 Bodkin Arrow
KaiZen
10:42 Feudal Age
11:33 Double-Bit Axe
11:33 Horse Collar
13:20 Loom
16:50 Castle Age
14:55 Horse Collar
16:59 Scale Barding Armor
21:08 Bow Saw
21:04 Scale Mail Armor
22:38 Forging
24:12 Wheelbarrow
25:19 Chain Mail Armor
29:23 Imperial Age
27:09 Pikeman
27:49 Squires
28:56 Chemistry
28:04 Heavy Plow
29:38 Hand Cart
30:43 Iron Casting
30:32 Conscription
29:49 Halberdier
31:48 Two-Man Saw
33:17 Plate Mail Armor
33:47 Blast Furnace
33:26 Town Watch
33:57 Houfnice
35:31 Ballistics
35:28 Wagenburg Tactics
37:38 Fletching
38:17 Bodkin Arrow
40:37 Elite Hussite Wagon
45:43 Bracer
46:51 Elite Hussite Wagon
mark.schmidt
10:56 Feudal Age
11:28 Double-Bit Axe
16:37 Castle Age
19:35 Scale Mail Armor
21:11 Loom
24:18 Husbandry
24:29 Scale Barding Armor
24:34 Forging
25:37 Wheelbarrow
24:47 Town Watch
26:29 Chain Mail Armor
26:53 Iron Casting
26:32 Gold Mining
27:52 Chain Barding Armor
32:29 Imperial Age
30:10 Town Watch
30:18 Arson
30:39 Squires
31:46 Hand Cart
31:33 Town Patrol
32:08 Bow Saw
32:47 Cavalier
34:33 Gold Shaft Mining
33:49 Stone Mining
35:07 Chain Mail Armor
35:31 Plate Barding Armor
37:07 Blast Furnace
37:03 Conscription
37:41 Caravan
38:19 Paladin
41:44 Chivalry
47:41 Padded Archer Armor
47:32 Fletching
49:00 Coinage
KcoasRaulMx
0:38 Loom
11:02 Feudal Age
11:59 Horse Collar
12:09 Double-Bit Axe
13:17 Gold Mining
20:42 Castle Age
18:19 Man-at-Arms
19:05 Stone Mining
21:26 Light Cavalry
22:31 Fletching
23:03 Husbandry
24:49 Forging
26:25 Wheelbarrow
26:12 Scale Mail Armor
26:27 Town Watch
27:09 Bow Saw
27:45 Ballistics
30:27 Heavy Plow
35:43 Imperial Age
33:10 Stronghold
33:43 Scale Barding Armor
34:59 Iron Casting
35:44 Chain Mail Armor
35:00 Pikeman
37:57 Chemistry
37:04 Siege Engineers
36:48 Halberdier
37:19 Capped Ram
39:08 Conscription
40:24 Plate Mail Armor
42:28 Bodkin Arrow
45:16 Fervor
47:18 Murder Holes
47:31 Heavy Scorpion
48:25 Furor Celtica
Connection lost

Rejoining the realm…

Still unreachable

The connection could not be restored.

Session expired

The server has moved on; the page needs a fresh start.